 Dungeon Crawl Stone Soup version 0.31-a0-189-ga26ba32dd1 (webtiles) character file.

Game seed: 15788901842186923472

14 qw the Shooter (level 2, 0/16 HPs)
             Began as a Deep Elf Hunter on June 23, 2023.
             Killed by nerve-wracking pain
             ... invoked by Jessica
              (9 damage)
             ... on level 1 of the Dungeon.
             The game lasted 00:00:14 (833 turns).

qw the Shooter (Deep Elf Hunter)                     Turns: 833, Time: 00:00:15

Health: 0/16       AC:  8    Str:  8    XL:     2   Next: 31%
Magic:  4/4        EV: 10    Int: 13    God:
Gold:   57         SH:  0    Dex: 18    Spells: 1/1 levels left

rFire   . . .        Y - +0 shortbow
rCold   . . .        (shield currently unavailable)
rNeg    . . .        i - +0 ring mail
rPois   .            (no helmet)
rElec   .            e - +1 cloak
rCorr   .            g - +0 pair of gloves
SInv    .            (no boots)
Will    .....        (no amulet)
Stlth   +            (no ring)
HPRegen 0.22/turn    (no ring)
MPRegen 0.09/turn

%: no passive effects
@: brilliant
A: no striking features
a: no special abilities


You were on level 1 of the Dungeon.
You visited 1 branch of the dungeon, and saw 2 of its levels.

You collected 57 gold pieces.


   Skills:
 - Level 1.5 Fighting
 + Level 6.1 Ranged Weapons
 - Level 2.4 Dodging
 - Level 1.2 Stealth


You had one spell level left.
You didn't know any spells.
Your spell library was empty.

Inventory:

Hand Weapons
 Y - a +0 shortbow (weapon)
Armour
 e - a +1 cloak (worn)
 g - a +0 pair of gloves (worn)
 i - a +0 ring mail (worn)
Scrolls
 a - 2 scrolls of identify
Potions
 f - a potion of enlightenment

Dungeon Overview and Level Annotations

Branches:
Dungeon (2/15)

Altars:

Annotations:
D:1 Jessica


Message History

The hobgoblin is heavily wounded.
The hobgoblin closely misses you.
Jessica mumbles some strange words.
Jessica blinks!
You shoot an arrow. The arrow hits the hobgoblin.
The hobgoblin is almost dead.
The hobgoblin barely misses you.
Jessica points at you and mumbles some strange words.
Pain shoots through your body!
827 ||| STAIRDANCE The hobgoblin hits you but does no damage.
Jessica closely misses you.
You climb upwards.
There is a stone staircase leading down here.
Enter note:
Enter note:
Enter note: You shoot an arrow.
The arrow closely misses the hobgoblin.
Jessica points at you and mumbles some strange words.
Pain shoots through your body!
The hobgoblin hits you but does no damage.
You shoot an arrow.
The arrow hits the hobgoblin but does no damage.
The hobgoblin is almost dead.
Jessica hits you but does no damage. The hobgoblin barely misses you.
Jessica hits you but does no damage. The hobgoblin misses you.
You shoot an arrow. The arrow hits the hobgoblin.
You kill the hobgoblin!
Jessica mumbles some strange words.
Jessica seems to speed up.
You shoot an arrow. The arrow barely misses Jessica.
Jessica hits you but does no damage. Jessica hits you with a +0 dagger.
You shoot an arrow. The arrow hits Jessica.
Jessica is heavily wounded.
Jessica casts a spell.
Jessica blinks!
Jessica points at you and mumbles some strange words.
Pain shoots through your body!
Ouch! That really hurt!
You die...

#.....###### #..........#
#.....####.#######
#................#
##########.......^...# #....#
#...........# #....#
######......# #######....######
#......#
#!.............@#########'######
#.#####....####ยค................
#.# ##...[# #.#########.......
#.# #.##.###.## #....(... #.#
#.##.#..@.# #.####### #.#
####.##.#....## #.#
#.###.##.##.#.....######.#
#........##.##.........#.#
#####.).....##.####..#.#.#


You could see Jessica (fast).

Vanquished Creatures
  3 bats (D:1)
  A giant cockroach (D:1)
  A hobgoblin (D:1)
  2 quokkas (D:1)
  3 ball pythons (D:1)
  2 goblins (D:1)
  A kobold (D:1)
13 creatures vanquished.

Notes
Turn   | Place    | Note
-------+----------+-------------------------------------------
     0 | D:1      | qw the Deep Elf Hunter began the quest for the Orb.
     0 | D:1      | Reached XP level 1. HP: 12/12 MP: 3/3
     0 | D:1      | 0 ||| qw: Version: 0.3-a-9-g12657ce
     0 | D:1      | 0 ||| qw: Game counter: 4447
     0 | D:1      | 0 ||| qw: Always use a shield: true
     0 | D:1      | 0 ||| qw: God list: Okawaru
     0 | D:1      | 0 ||| qw: Allow faded altars: false
     0 | D:1      | 0 ||| qw: Do Orc after D:15 true
     0 | D:1      | 0 ||| qw: Do second Lair branch before Depths: true
     0 | D:1      | 0 ||| qw: Lair rune preference: random
     0 | D:1      | 0 ||| qw: Plans: Normal
     0 | D:1      | 0 ||| PLANNING D:1-11
    12 | D:1      | You fall into a shaft and drop 1 floor!
    13 | D:2      | 13 ||| DROPPING scroll of butterflies.
    17 | D:2      | 17 ||| FLEEEEING.
    18 | D:2      | 18 ||| STAIRDANCE
   302 | D:1      | Reached skill level 6 in Ranged Weapons
   302 | D:1      | Reached XP level 2. HP: 16/16 MP: 4/4
   716 | D:1      | 716 ||| UPGRADING to +1 cloak.
   721 | D:1      | 721 ||| UPGRADING to +0 pair of gloves.
   726 | D:1      | 726 ||| UPGRADING to +0 ring mail.
   736 | D:1      | 736 ||| DROPPING +0 leather armour.
   737 | D:1      | 737 ||| READING 4 scrolls labelled KIGAFI XONE.
   738 | D:1      | 738 ||| READING scroll labelled VUZA QOSAA.
   767 | D:1      | 767 ||| DRINKING 2 smoky orange potions.
   804 | D:1      | 804 ||| DRINKING 2 bubbling pink potions.
   805 | D:1      | 805 ||| READING 3 scrolls of identify.
   805 | D:1      | 805 ||| IDENTIFYING sapphire potion
   806 | D:1      | 806 ||| DROPPING potion of lignification.
   807 | D:1      | 807 ||| DROPPING potion of brilliance.
   823 | D:2      | Noticed Jessica
   827 | D:2      | 827 ||| STAIRDANCE
   833 | D:1      | Killed from afar by Jessica

Levels and vault maps discovered:
D:1:      lightli_iron_boxes, layout_basic
D:2:      layout_loops_ring, minmay_pentomino_q2, uniq_jessica

Skill      XL: |  1 |
---------------+----+-----
Ranged Weapons | 6 |  6.1
Fighting       | |  1.5
Dodging        | |  2.4
Stealth        | |  1.2

Action                     || total
---------------------------++-------
   Fire: Shortbow          ||    45
    Use: Scroll            ||     3
         Potion            ||     2
 Armour: Leather armour    ||     9
         Ring mail         ||     5
  Dodge: Dodged            ||    17

Table legend:
 A = Non-vault XP
 B = Vault XP
 C = Vault XP percentage of total XP
 D = Non-vault monster count
 E = Vault monster count
 F = Vault count percentage of total count
                 A         B        C        D         E       F
            +---------+---------+-------+---------+---------+-------
      Total |      21 |       0 |   0.0 |      13 |       0 |   0.0
            +---------+---------+-------+---------+---------+-------
        D:1 |      21 |       0 |   0.0 |      13 |       0 |   0.0
            +---------+---------+-------+---------+---------+-------
